 Dungeon Crawl Stone Soup version 0.31-a0-1074-g0b22e4e0f1 (webtiles) character file.

Game seed: 1313583347113998602

159026 bmb222 the Fencer (level 17, -2/142 HPs)
             Began as a Demonspawn Fighter on Nov 26, 2023.
             Was a High Priest of Ru.
             Killed from afar by a bog body (41 damage)
             ... with a bolt of cold
             ... on level 3 of the Swamp.
             The game lasted 01:07:25 (27654 turns).

bmb222 the Fencer (Demonspawn Fighter)             Turns: 27654, Time: 01:07:26

Health: -2/142     AC: 24    Str: 33    XL:     17   Next: 15%
Magic:  17/17      EV:  8    Int: 11    God:    Ru [*****.]
Gold:   694        SH: 10    Dex: 16    Spells: 16/16 levels left

rFire   + . .        p - +11 Singing Sword {sonic wave}
rCold   . . .        S - +2 buckler
rNeg    . . .        E - +1 plate armour of Untold Secrets {rPois rF+ Stlth+}
rPois   +            N - +0 helmet
rElec   .            (cloak unavailable)
rCorr   .            W - +1 pair of gloves {Str+3}
SInv    .            R - +2 pair of boots {Fly}
Will    ++...        w - amulet of regeneration Stlth
                     B - +6 ring of strength
HPRegen 1.23/turn    a - +4 ring of slaying
MPRegen 0.15/turn

%: no passive effects
@: mighty, lethally poisoned (-2 -> -8), about to teleport, flying, slowed,
unable to drink, very slow
A: thin skeletal structure 2, demonic guardian 2, icemail 2, inability to drink
after injury 2, no stealth, inability to use devices, inability to train
dodging, condensation shield, demonic willpower, weakness stinger 3
a: Renounce Religion, Sacrifice Forms, Sacrifice Arcana, Sacrifice Love, Reject
Sacrifices, Draw Out Power, Power Leap, Apocalypse


You were on level 3 of the Swamp.
You worshipped Ru.
Ru was extremely pleased with you.
You visited 5 branches of the dungeon, and saw 26 of its levels.
You also visited: Sewer, Ossuary, Gauntlet and Ice Cave.

You collected 2010 gold pieces.
You spent 1316 gold pieces at shops.

Inventory:

Hand Weapons
 i - a +2 heavy double sword
 p - the +11 Singing Sword (weapon) {sonic wave}
   (You acquired it in an ossuary)
 y - a +1 falchion of flaming
Missiles
 H - 3 throwing nets
Armour
 b - a +2 scale mail of fire resistance
 t - a +1 scale mail of poison resistance
 E - the +1 plate armour of Untold Secrets (worn) {rPois rF+ Stlth+}
   (You bought it in a shop on level 2 of the Orcish Mines)

   rF+:       It protects you from fire.
   rPois:     It protects you from poison Stlth+: It makes you more stealthy.
 N - a +0 helmet (worn)
 O - +0 acid dragon scales
 P - a +0 pair of gloves
 R - a +2 pair of boots of flying (worn)
 S - a +2 buckler (worn)
 V - a +0 cloak
 W - a +1 pair of gloves of strength (worn)
Jewellery
 a - a +4 ring of slaying (right hand)
 f - an amulet of reflection
 o - a ring of see invisible
 s - an amulet of magic regeneration
 w - an amulet of regeneration (around neck)
 B - a +6 ring of strength (left hand)
 C - a ring of poison resistance
 I - a ring of magical power
 J - the amulet of Midwinter {Acrobat rF- Str+5 Dex+2}
   (You found it on level 5 of the Lair of Beasts)

   [amulet of the acrobat]

   Acrobat:   It increases your evasion while moving and waiting.
   Str+5:     It affects your strength (+5).
   Dex+2:     It affects your dexterity (+2).
   rF-:       It makes you vulnerable to fire.
 K - an amulet of guardian spirit
 X - the ring of Toes {rPois rN+ Will- MP+9 Dex+8}
   (You found it in a Gauntlet)

   [ring of positive energy]

   Dex+8:     It affects your dexterity (+8).
   rPois:     It protects you from poison rN+: It protects you from negative
   energy.
   Will-:     It decreases your willpower.
   MP+9:      It affects your magic capacity (+9).
 Z - the ring of Kieqiny {rF+ Int+3 Dex+3 SInv}
   (You found it in a Gauntlet)

   [ring of protection from fire]

   Int+3:     It affects your intelligence (+3).
   Dex+3:     It affects your dexterity (+3).
   rF+:       It protects you from fire.
   SInv:      It lets you see invisible.
Scrolls
 e - 3 scrolls of revelation
 h - 3 scrolls of fog
 j - 3 scrolls of blinking
 l - a scroll of silence
 m - 12 scrolls of teleportation
 n - 3 scrolls of vulnerability
 u - 7 scrolls of fear
 x - 3 scrolls of enchant weapon
 z - 6 scrolls of amnesia
 D - 4 scrolls of noise
 F - 16 scrolls of identify
 G - 5 scrolls of poison
 Q - 2 scrolls of enchant armour
 T - a scroll of immolation
Potions
 c - a potion of invisibility
 d - 9 potions of curing
 g - 5 potions of lignification
 k - 3 potions of attraction
 q - 6 potions of haste
 r - 4 potions of mutation
 v - 3 potions of enlightenment
 A - 4 potions of brilliance
 L - 2 potions of cancellation
 M - a potion of might
 U - a potion of heal wounds
 Y - a potion of berserk rage {unknown}


   Skills:
 * Level 15.1 Fighting
 * Level 18.2 Long Blades
 * Level 13.5 Armour
 * Level 13.4 Shields


You had 16 spell levels left.
You didn't know any spells.
Your spell library contained the following spells:

 Spells                   Type           Power      Damage    Failure   Level
 Apportation              Tloc           0%         N/A       89%         1
 Magic Dart               Conj           0%         1d3       89%         1
 Shock                    Conj/Air       0%         1d3       89%         1
 Blink                    Tloc           0%         N/A       96%         2
 Jinxbite                 Hex            0%         N/A       96%         2
 Lesser Beckoning         Tloc           0%         N/A       96%         2
 Momentum Strike          Conj/Tloc      0%         3d8       96%         2
 Searing Ray              Conj           0%         2d4       96%         2
 Wereblood                Tmut           0%         N/A       96%         2
 Dazzling Flash           Conj/Hex       0%         N/A       99%         3
 Summon Guardian Golem    Hex/Summ       0%         N/A       99%         3
 Swiftness                Air            0%         N/A       99%         3
 Tukima's Dance           Hex            0%         N/A       99%         3
 Airstrike                Air            0%         2d(0-16)  100%        4
 Animate Dead             Necr           0%         N/A       100%        4
 Cause Fear               Hex            0%         N/A       100%        4
 Dimensional Bullseye     Hex/Tloc       0%         N/A       100%        4
 Fulminant Prism          Conj/Hex       0%         3d5       100%        4
 Iskenderun's Mystic Bla  Conj/Tloc      0%         2d3       100%        4
 Leda's Liquefaction      Hex/Erth       0%         N/A       100%        4
 Manifold Assault         Tloc           0%         N/A       100%        4
 Vhi's Electric Charge    Tloc/Air       0%         N/A       100%        4
 Agony                    Necr           0%         N/A       100%        5
 Alistair's Intoxication  Tmut/Pois      0%         N/A       100%        5
 Arcjolt                  Conj/Air       0%         1d10      100%        5
 Borgnjor's Vile Clutch   Necr/Erth      0%         N/A       100%        5
 Fireball                 Conj/Fire      0%         3d3       100%        5
 Irradiate                Conj/Tmut      0%         3d11      100%        5
 Iskenderun's Battlesphe  Conj           0%         2d6       100%        5
 Lee's Rapid Deconstruct  Erth           0%         3d4*      100%        5
 Silence                  Hex/Air        0%         N/A       100%        5
 Bombard                  Conj/Erth      0%         9d1       100%        6
 Death Channel            Necr           0%         N/A       100%        6
 Dispersal                Tloc           0%         N/A       100%        6
 Eringya's Noxious Bog    Tmut/Pois      0%         4d6       100%        6
 Plasma Beam              Fire/Air       0%         2x1d10    100%        6
 Haunt                    Necr/Summ      0%         N/A       100%        7
 Orb of Destruction       Conj           0%         9d5       100%        7
 Spellforged Servitor     Conj/Summ      0%         N/A       100%        7
 Disjunction              Tloc           0%         N/A       100%        8
 Infestation              Necr           0%         N/A       100%        8
 Dragon's Call            Summ           0%         N/A       100%        9


Dungeon Overview and Level Annotations

Branches:
Dungeon (15/15)            Temple (1/1) D:6            Lair (5/5) D:10
  Swamp (3/4) Lair:3       Spider (0/4) Lair:3        Slime (0/5) Lair:5
    Orc (2/2) D:11            Elf (0/3) Orc:2        Vaults (0/5) D:14
 Depths (0/4) D:15          Sewer (visited)         Ossuary (visited)
  IceCv (visited)         Gauntlet (visited)

Altars:
Ashenzari
Cheibriados
Dithmenos
Fedhas
Gozag
Hepliaklqana
Kikubaaqudgha
Makhleb
Nemelex Xobeh
Okawaru
Qazlal
Ru
Trog
Uskayaw
Vehumet
Wu Jian
Xom
Yredelemnul

Shops:
Orc:1 !   Orc:2 *=*?:

Annotations:
D:2 1 runed translucent door, Crazy Yiuf
D:8 3 runed translucent doors
D:9 1 runed translucent door
D:11 2 transporters, exclusion: oklob plant, Doj's ghost, journeyman TrSh
Lair:1 exclusion: oklob plant
Lair:4 exclusion: oklob plant
Lair:5 exclusion: obsidian statue
Orc:1 2 transporters


Innate Abilities, Weirdness & Mutations

You have a moderately thin skeletal structure. (Dex +4, Stealth++)
A demonic guardian rushes to your aid.
A meltable icy envelope protects you from harm. (AC +0)
You sometimes lose the ability to drink potions when taking damage.
You cannot be stealthy.
You cannot study or use magical devices.
You cannot train Dodging skill.
A meltable shield of frost defends you. (SH +0)
You punish those that try to bend your will. (Will+)
You have a sharp stinger which inflicts weakening toxins.


Message History

The death drake is lightly wounded.
The ghoul is heavily damaged.
The ghoul is moderately damaged.
The necrophage is almost destroyed.
The bog body is severely damaged.
The swamp worm is almost dead.
You tail-slap the swamp worm.
You kill the swamp worm!
You hear a deafening roar!
You slash the death drake!
The death drake is moderately wounded.
Your soul eater barely misses the ghoul.
The death drake breathes miasma at you.
The foul vapour engulfs you but does no damage.
You closely miss the death drake.
Your tail-slap misses the death drake.
The death drake is moderately wounded.
You are engulfed in dark miasma.
The death drake completely misses you.
You closely miss the death drake.
Your tail-slap misses the death drake.
The death drake is moderately wounded.
You are engulfed in dark miasma.
You feel yourself slow down. The death drake barely misses you.
Your soul eater hits the ghoul!
You slice the death drake!! You tail-slap the death drake!
The death drake looks weaker.
The death drake is almost dead.
You are engulfed in dark miasma.
You are poisoned.
You feel as though you will be slow longer.
You feel extremely sick. The death drake closely misses you.
Your soul eater hits the ghoul!!
You cannot drink potions in your current state!
As you read the scroll of teleportation, it crumbles to dust.
You feel strangely unstable.
You are engulfed in dark miasma.
You feel as though you will be slow longer.
You feel very sick.
The death drake begins to attack, but is stunned by your conviction!
The ghoul claws you but does no damage. x2
The death drake bites you but does no damage.
The bog body points at you and mumbles some strange words.
The bolt of cold hits you!!!
You die...

..~....~..~...~♣
...~~..~.~......♣♣
~.............♣♣♣
~..~.~.†~.~...♣ §
.~~~~~..~.~.♣.~
..♣♣♣♣~.~n.3n....~~..
...............~...~♣
~~......○..~.§...~.~
♣♣♣♣k@n..~........
♣....~n~.........~
♣..§.~.§....~~~..~
♣~.......~§.~...~~..
~.....~.§..~.~..
.~..~§......♣~..
...§...~~.§.. ~~
~.~.~......~.. ~
~...........♣.


You could see 2 ghouls, a death drake (weak), a bog body (slow), a necrophage
and a friendly soul eater (summoned).

Vanquished Creatures
  Rupert (Lair:3)
  Jorgrun (D:13)
  Mlioglotl (Swamp:3)
  2 thorn hunters
  A ghost moth (shapeshifter) (D:15)
  An ironbound preserver (D:14)
  2 eleionomae
  Nessos (D:14)
  2 dire elephants (Lair:5)
  4 bunyips
  A minotaur (Gauntlet)
  An ettin (Orc:2)
  A shambling mangrove (Swamp:2)
  Snorg (D:13)
  Harold (D:11)
  2 ghost crabs
  A great orb of eyes (D:14)
  8 centaur warriors
  13 hydras
  3 ogre magi
  8 alligators
  Erica (D:8)
  A two-headed ogre (shapeshifter) (D:10)
  4 boulder beetles
  14 two-headed ogres
  An orc high priest (Orc:1)
  6 death yaks
  9 tengu warriors
  Sonja (Lair:3)
  A fire crab (Lair:3)
  7 goliath frogs
  2 sixfirhies (Gauntlet)
  A spectral anaconda (Lair:5)
  8 skeletal warriors (D:13)
  4 spriggan druids
  3 deep trolls
  13 swamp dragons
  A bog body (Swamp:2)
  An orb spider (Lair:3)
  2 orc knights (D:12)
  6 deep elf pyromancers
  2 necromancers
  12 ugly things
  2 orc sorcerers
  3 will-o-the-wisps
  A salamander (shapeshifter) (D:13)
  3 manticores
  7 cyclopes
  A moth of wrath (Gauntlet)
  3 ice statues (IceCv)
  5 slime creatures (D:14)
  3 black mambas
  19 elephants
  An unseen horror (D:12)
  2 gargoyles
  11 cane toads
  3 rime drakes
  5 komodo dragons
  Jeremiah (D:7)
  An ice devil (D:13)
  2 kobold demonologists
  6 tengu conjurers
  7 meliai
  4 hornets
  19 trolls
  2 polar bears
  5 tyrant leeches
  15 blink frogs
  2 spriggans (Swamp:1)
  A shadow (D:11)
  A dire elephant simulacrum (Lair:5)
  8 wyverns
  7 wraiths
  2 vampires (D:14)
  61 yaks
  3 basilisks
  14 vampire mosquitoes
  4 steam dragons
  Menkaure (D:4)
  4 death yak simulacra
  2 spectral cane toads (Lair:5)
  15 swamp worms
  4 acid dragons
  A harpy simulacrum (IceCv)
  A warg (Orc:2)
  A hydra simulacrum (IceCv)
  11 water moccasins
  2 elephant zombies (Lair:5)
  11 orc warriors
  2 ice beasts
  A sky beast (D:7)
  8 swamp drakes
  2 black bears
  23 centaurs
  4 boggarts
  23 ogres
  17 wolves
  3 kobold brigands
  2 gnoll sergeants
  3 scorpions
  18 bullfrogs
  A cane toad simulacrum (IceCv)
  10 wights
  An elephant simulacrum (IceCv)
  10 killer bees
  An electric eel (Lair:3)
  10 howler monkeys
  5 hounds
  A sleepcap (D:4)
  13 orc priests
  A gnoll bouda (D:8)
  3 iguanas
  22 orc wizards
  2 polar bear simulacra (IceCv)
  4 mummies
  12 gnolls
  2 river rats (D:4)
  11 adders
  3 worms
  2 dart slugs
  61 orcs
  2 bats
  9 endoplasms
  9 giant cockroaches (Sewer)
  8 goblins
  4 hobgoblins
  7 jackals
  9 quokkas
  10 ball pythons
  14 frilled lizards
  4 goblin zombies (Ossuary)
  A hobgoblin zombie (Ossuary)
  9 kobolds
  6 kobold zombies (Ossuary)
  2 rats
818 creatures vanquished.

Vanquished Creatures (collateral kills)
  A hydra (Lair:2)
  A boulder beetle (D:9)
  2 spriggans (Swamp:1)
  A bog body (Swamp:2)
  3 swamp dragons
  A necromancer (Lair:5)
  An ugly thing (D:15)
  A will-o-the-wisp (Swamp:2)
  An elephant (Lair:4)
  2 komodo dragons
  An ice devil (D:13)
  A hornet (Swamp:1)
  4 yaks
  An acid dragon (D:9)
  2 orc warriors
  An ogre (Orc:2)
  A howler monkey (D:7)
  2 orc priests
  An iguana (D:7)
28 creatures vanquished.

Vanquished Creatures (others)
  A hydra (Swamp:1)
  A skeletal warrior (D:13)
  A necromancer (Lair:5)
  A cane toad (Lair:5)
  2 hornets
  2 bloated husks
  A swamp worm (Swamp:2)
  An ogre (Orc:2)
  A boggart (D:15)
  2 centaurs
  16 foxfires
29 creatures vanquished.

Grand Total: 875 creatures vanquished

Notes
Turn   | Place    | Note
-------+----------+-------------------------------------------
     0 | D:1      | bmb222 the Demonspawn Fighter began the quest for the Orb.
     0 | D:1      | Reached XP level 1. HP: 18/18 MP: 1/1
   108 | D:1      | Gained mutation: You have a somewhat thin skeletal
                  | structure. (Dex +2, Stealth+) [demonic ancestry]
   108 | D:1      | Reached XP level 2. HP: 24/24 MP: 2/2
   491 | D:1      | Reached skill level 2 in Long Blades
   879 | D:2      | Reached XP level 3. HP: 28/29 MP: 3/3
  1175 | D:2      | Gained mutation: A meltable shield of frost defends you.
                  | (SH +0) [demonic ancestry]
  1175 | D:2      | Reached XP level 4. HP: 33/35 MP: 4/4
  1203 | D:2      | Found a runed translucent door.
  1204 | D:2      | Noticed Crazy Yiuf
  1440 | D:2      | Reached skill level 1 in Dodging
  1647 | D:3      | Found a bloodstained altar of Trog.
  1647 | D:3      | Found an ornate altar of the Wu Jian Council.
  1689 | D:3      | Reached skill level 3 in Long Blades
  1744 | D:3      | Found a burning altar of Makhleb.
  1747 | D:3      | Found a broken altar of Ashenzari.
  1747 | D:3      | Found a radiant altar of Vehumet.
  1752 | D:3      | Noticed a centaur
  1764 | D:3      | Killed a centaur
  1765 | D:3      | Gained mutation: You have a moderately thin skeletal
                  | structure. (Dex +4, Stealth++) [demonic ancestry]
  1765 | D:3      | Reached XP level 5. HP: 20/41 MP: 5/5
  2461 | D:4      | Noticed Menkaure
  2470 | D:4      | Killed Menkaure
  2471 | D:4      | Reached skill level 4 in Long Blades
  2471 | D:4      | Gained mutation: A weak demonic guardian rushes to your
                  | aid. [demonic ancestry]
  2471 | D:4      | Reached XP level 6. HP: 36/47 MP: 6/6
  2583 | D:4      | Found a glowing drain.
  2587 | Sewer    | Entered a sewer
  2880 | Sewer    | Reached skill level 5 in Long Blades
  2913 | Sewer    | Gained mutation: A meltable icy envelope protects you from
                  | harm. (AC +0) [demonic ancestry]
  2913 | Sewer    | Reached XP level 7. HP: 30/52 MP: 7/7
  3553 | D:5      | Entered Level 5 of the Dungeon
  3844 | D:5      | Reached skill level 6 in Long Blades
  3926 | D:5      | Reached XP level 8. HP: 57/60 MP: 8/8
  4776 | D:6      | Reached skill level 5 in Shields
  4809 | D:6      | Found a staircase to the Ecumenical Temple.
  4816 | Temple   | Entered the Ecumenical Temple
  5091 | Temple   | Became a worshipper of Ru the Awakened
  5153 | D:6      | Reached skill level 7 in Long Blades
  5153 | D:6      | Reached skill level 5 in Armour
  5438 | D:6      | Found a basalt altar of Yredelemnul.
  5808 | D:7      | Gained mutation: A demonic guardian rushes to your aid.
                  | [demonic ancestry]
  5808 | D:7      | Reached XP level 9. HP: 63/65 MP: 9/9
  5894 | D:7      | Noticed Jeremiah
  5906 | D:7      | Reached skill level 8 in Long Blades
  5918 | D:7      | HP: 2/65 [orc priest/divine providence (13)]
  5963 | D:7      | Found a sand-covered staircase.
  5970 | Ossuary  | Entered an ossuary
  6286 | Ossuary  | Gained mutation: You cannot train Dodging skill. [Ru
                  | sacrifice]
  6286 | Ossuary  | Reached * piety under Ru
  6578 | Ossuary  | Identified 2 scrolls of acquirement
  6578 | Ossuary  | Acquired a +1 heavy double sword
  6580 | Ossuary  | Acquired the +11 Singing Sword {sonic wave}
  6580 | Ossuary  | Found the +11 Singing Sword {sonic wave}
  6627 | D:7      | Killed Jeremiah
  6958 | D:7      | Found a sparkling altar of Nemelex Xobeh.
  7068 | D:7      | Reached skill level 9 in Long Blades
  7185 | D:8      | Gained mutation: You have a small tail. [demonic ancestry]
  7185 | D:8      | Reached XP level 10. HP: 65/73 MP: 10/10
  7289 | D:7      | Reached skill level 5 in Fighting
  7411 | D:7      | Reached skill level 10 in Long Blades
  7585 | D:8      | Found a runed translucent gate.
  7585 | D:8      | Found a runed translucent gate.
  7585 | D:8      | Found a runed translucent gate.
  7585 | D:8      | Noticed a manticore
  7605 | D:8      | Noticed Erica
  7612 | D:8      | Killed Erica
  7956 | D:8      | Reached skill level 11 in Long Blades
  7979 | D:8      | Found an iron altar of Okawaru.
  8123 | D:8      | Found a blossoming altar of Fedhas.
  8318 | D:9      | Gained mutation: You cannot study or use magical devices.
                  | [Ru sacrifice]
  8318 | D:9      | Reached ** piety under Ru
  8318 | D:9      | Reached *** piety under Ru
  8346 | D:9      | Found a runed translucent door.
  8365 | D:9      | Reached XP level 11. HP: 69/81 MP: 11/11
  8487 | D:9      | Found a runed translucent door.
  9035 | D:10     | Entered Level 10 of the Dungeon
  9479 | D:9      | Noticed a centaur warrior
  9492 | D:9      | Killed a centaur warrior
  9508 | D:9      | Identified the +6 battleaxe "Ratiesk" {protect, Stlth+}
  9508 | D:9      | Noticed a deep elf pyromancer
  9514 | D:9      | Killed a deep elf pyromancer
 10015 | D:9      | Reached skill level 12 in Long Blades
 10604 | D:9      | Noticed a four-headed hydra
 10616 | D:9      | Noticed a boulder beetle
 10631 | D:9      | Noticed a two-headed ogre
 10635 | D:9      | Killed a two-headed ogre
 10646 | D:9      | Killed a one-headed hydra
 10662 | D:9      | Killed a boulder beetle
 10755 | D:10     | Reached XP level 12. HP: 91/91 MP: 12/12
 11045 | D:10     | Noticed a two-headed ogre
 11051 | D:10     | Killed a two-headed ogre
 11067 | D:10     | Reached skill level 13 in Long Blades
 11074 | D:10     | Noticed a centaur warrior
 11074 | D:10     | Noticed a centaur warrior
 11074 | D:10     | Noticed a centaur warrior
 11074 | D:10     | Noticed a four-headed hydra
 11102 | D:10     | Killed a centaur warrior
 11107 | D:10     | Killed a centaur warrior
 11116 | D:10     | Killed a centaur warrior
 11134 | D:10     | Killed a one-headed hydra
 11164 | D:10     | a glass eye changed into a two-headed ogre
 11164 | D:10     | Noticed a two-headed ogre (shapeshifter)
 11174 | D:10     | Killed a two-headed ogre
 11466 | D:10     | Gained mutation: You occasionally lose the ability to drink
                  | potions when taking damage. [Ru sacrifice]
 11466 | D:10     | Gained mutation: You sometimes lose the ability to drink
                  | potions when taking damage. [Ru sacrifice]
 11466 | D:10     | Reached **** piety under Ru
 11466 | D:10     | Reached ***** piety under Ru
 11669 | D:10     | Found a staircase to the Lair.
 11830 | Lair:1   | Entered Level 1 of the Lair of Beasts
 11880 | Lair:1   | Reached skill level 14 in Long Blades
 11945 | Lair:1   | Noticed a death yak
 11947 | Lair:1   | Noticed a death yak
 11947 | Lair:1   | Noticed a death yak
 11947 | Lair:1   | Noticed a death yak
 11958 | Lair:1   | Noticed a death yak
 11966 | Lair:1   | Killed a death yak
 11967 | Lair:1   | Gained mutation: You have a tail ending in a sharp stinger.
                  | [demonic ancestry]
 11967 | Lair:1   | Reached XP level 13. HP: 100/100 MP: 13/13
 11980 | Lair:1   | Reached skill level 10 in Armour
 13079 | Lair:2   | Gained mutation: You cannot be stealthy. [Ru sacrifice]
 13231 | Lair:2   | Identified the +10 quarterstaff "Hal Weuk" {freeze, Dex+6}
 13748 | Lair:3   | Reached skill level 15 in Long Blades
 13815 | Lair:3   | Found a staircase to the Swamp.
 13841 | Lair:3   | Noticed Sonja
 13851 | Lair:3   | Killed Sonja
 14158 | Lair:3   | Found a hole to the Spider Nest.
 14652 | Lair:4   | Reached skill level 10 in Fighting
 14772 | Lair:4   | Identified the +0 robe "Xustij" {Will+ Str+3}
 15229 | Lair:5   | Entered Level 5 of the Lair of Beasts
 15448 | Lair:5   | Gained mutation: A meltable icy envelope protects you from
                  | harm. (AC +0) [demonic ancestry]
 15448 | Lair:5   | Reached XP level 14. HP: 73/111 MP: 14/14
 15463 | Lair:5   | Reached skill level 10 in Shields
 15710 | Lair:5   | Identified the amulet of Midwinter {Acrobat rF- Str+5
                  | Dex+2}
 15765 | Lair:5   | Found a staircase to the Slime Pits.
 15992 | Lair:5   | Reached skill level 16 in Long Blades
 16929 | Lair:5   | Found the +6 Majin-Bo {spellvamp, MP+6 Int+6}
 17006 | Lair:3   | Noticed Rupert
 17015 | Lair:3   | Killed Rupert
 17340 | D:11     | Found a transporter.
 17363 | D:11     | Noticed Doj's ghost (journeyman TrSh)
 17421 | D:11     | Identified the +2 short sword of the Sea {heavy, *Noise rF+
                  | rC+ Int+3}
 17484 | D:11     | Noticed Harold
 17492 | D:11     | Found a staircase to the Orcish Mines.
 17502 | D:11     | Killed Harold
 17534 | Orc:1    | Entered Level 1 of the Orcish Mines
 17656 | Orc:1    | Found an ornate altar of the Wu Jian Council.
 17656 | Orc:1    | Found a transporter.
 17661 | Orc:1    | Found a transporter.
 17682 | Orc:1    | Found Nyllijui's Distillery.
 17687 | Orc:1    | Bought a potion of heal wounds for 70 gold pieces
 17781 | Orc:1    | You are sucked into a shaft and drop 1 floor!
 17781 | Orc:2    | Entered Level 2 of the Orcish Mines
 17900 | Orc:2    | Gained mutation: You have a sharp stinger which inflicts
                  | weakening toxins. [demonic ancestry]
 17900 | Orc:2    | Reached XP level 15. HP: 69/120 MP: 15/15
 18020 | Orc:2    | Found Qebb's General Store.
 18025 | Orc:2    | Found Inum's Assorted Antiques.
 18030 | Orc:2    | Found Ator Rerr's Magic Scroll Emporium.
 18031 | Orc:2    | Found Wigagoni's Jewellery Shoppe.
 18033 | Orc:2    | Bought a jewelled plate armour for 1036 gold pieces
 18033 | Orc:2    | Identified the +1 plate armour of Untold Secrets {rPois rF+
                  | Stlth+} (You bought it in a shop on level 2 of the Orcish
                  | Mines)
 18053 | Orc:2    | Found a staircase to the Elven Halls.
 18056 | Orc:2    | Bought a scroll of teleportation for 42 gold pieces
 18056 | Orc:2    | Bought a scroll of teleportation for 42 gold pieces
 18056 | Orc:2    | Bought a scroll of teleportation for 42 gold pieces
 18056 | Orc:2    | Bought a scroll of teleportation for 42 gold pieces
 18056 | Orc:2    | Bought a scroll of teleportation for 42 gold pieces
 18071 | Orc:2    | Found Icsyh's Self-Improvement Boutique.
 18524 | D:11     | Found a shadowy altar of Dithmenos.
 18642 | D:11     | Found a transporter.
 19602 | D:13     | Noticed Snorg
 19606 | D:13     | Reached skill level 17 in Long Blades
 19615 | D:13     | Killed Snorg
 19669 | D:13     | Found a frozen archway.
 19685 | IceCv    | Entered an ice cave
 20443 | D:13     | Noticed Jorgrun
 20461 | D:13     | Killed Jorgrun
 22373 | D:14     | Found a gate to the Vaults.
 22542 | D:14     | Noticed Nessos
 22552 | D:14     | Killed Nessos
 22676 | D:15     | Entered Level 15 of the Dungeon
 22753 | D:15     | Gained mutation: You punish those that try to bend your
                  | will. (Will+) [demonic ancestry]
 22753 | D:15     | Reached XP level 16. HP: 76/132 MP: 16/16
 22821 | D:15     | Found a gate leading to a gauntlet.
 22828 | Gauntlet | Entered a Gauntlet
 22828 | Gauntlet | Found a transporter.
 22881 | Gauntlet | Found a transporter.
 22882 | Gauntlet | Found a transporter.
 22895 | Gauntlet | Found a transporter.
 22896 | Gauntlet | Found a transporter.
 22903 | Gauntlet | Found a transporter.
 22908 | Gauntlet | Found the ring of Shadows {Umbra +Inv Stlth+}
 22924 | Gauntlet | Found a transporter.
 22935 | Gauntlet | Found a transporter.
 22947 | Gauntlet | Found a transporter.
 22967 | Gauntlet | Found a transporter.
 22969 | Gauntlet | Found a runed translucent door.
 22980 | Gauntlet | Found a transporter.
 22981 | Gauntlet | Found a transporter.
 23028 | Gauntlet | Found a transporter.
 23042 | Gauntlet | Found a transporter.
 23235 | Gauntlet | Identified the ring of Toes {rPois rN+ Will- MP+9 Dex+8}
 23315 | Gauntlet | Identified the ring of Kieqiny {rF+ Int+3 Dex+3 SInv}
 23401 | Gauntlet | Found the +3 Elemental Staff {ele, rElec rF+ rC+ AC+3}
 23523 | Gauntlet | Identified the staff of an ice cave {+Blink rN+ Will+ Dex+4
                  | Stlth+ Necro}
 23809 | D:15     | Found an ornate altar of the Wu Jian Council.
 24245 | D:15     | Found a staircase to the Depths.
 24823 | Swamp:1  | Entered Level 1 of the Swamp
 25806 | Swamp:2  | Reached skill level 18 in Long Blades
 26095 | Swamp:2  | Noticed a thorn hunter
 26106 | Swamp:2  | Killed a thorn hunter
 26855 | Swamp:3  | Reached skill level 15 in Fighting
 26887 | Swamp:3  | Reached XP level 17. HP: 135/142 MP: 17/17
 27547 | Swamp:3  | Noticed Mlioglotl
 27590 | Swamp:3  | Killed Mlioglotl
 27654 | Swamp:3  | Killed from afar by a bog body

Illustrated notes

Levels and vault maps discovered:
D:1:      elethiomel_arrival_quiet, layout_rooms, serial_forest,
          infiniplex_forest_clump_long, infiniplex_forest_fountain,
          infiniplex_forest_lined_2, infiniplex_forest_lined_ring,
          infiniplex_forest_lined_corner, infiniplex_forest_lined_4_way,
          infiniplex_forest_lined_room_2
D:2:      layout_loops_cross, minmay_tetromino_i2, uniq_crazy_yiuf_cottage
D:3:      layout_loops_ring, nicolae_overflow_two_pavilions,
          grunt_temple_overflow_open, minmay_quantized
D:4:      layout_basic, lemuel_blue_sif_altar,
          mainiacjoe_sewer_entry_somewhere_in_here_2, hellmonk_no_cap,
          uniq_duvessa, uniq_menkaure
D:5:      layout_basic
D:6:      layout_gridville, yredelemnul_altar_generic,
          minmay_temple_entry_junction_2
D:7:      layout_basic, marbit_many_paths, gup_ossuary_entry_pyramid,
          grunt_ministairs_10, nicolae_underground_beach, uniq_jeremiah
D:8:      lemuel_bear_cage, layout_basic, mainiacjoe_overflow_24_doors,
          mainiacjoe_overflow_alcove_2, kennysheep_generic_room_4, uniq_erica
D:9:      cheibrodos_histonic, layout_long_grid, minmay_evil_grid
D:10:     minmay_chambers_of_sevens, layout_basic,
          grunt_lair_entry_orc_guard_hut, minmay_strange_pillars
D:11:     layout_loops_ring, orc_0_dummy, nzn_ghost_randoct,
          grunt_dithmenos_smoke_and_mirrors, uniq_harold
D:12:     layout_irregular_city, minmay_orc_keep
D:13:     layout_grid_maze, portal_ice_cave_demonic_guard, uniq_jorgrun,
          uniq_snorg
D:14:     layout_basic, hellmonk_vaults_order_and_chaos, minivault_19,
          kennysheep_minor_cross, drop_trap, uniq_nessos
D:15:     hangedman_depths_entry_civil_slaughter, layout_layer_cave,
          nzn_wu_jian_contemplation, gauntlet_entry_generic
Temple:   hellmonk_temple_of_storms
Lair:1:   layout_long_grid, grunt_megastairs_1
Lair:2:   layout_regular_city, cheibrodos_lair_caveside_slide, minivault_19,
          nzn_sisyphean_effort
Lair:3:   layout_regular_city, swamp_mist_pool,
          nicolae_spider_entry_orb_guardian, grunt_megastairs_5, uniq_rupert,
          uniq_sonja
Lair:4:   layout_small_grid, serial_bayou_lagoon_b
Lair:5:   due_jungle_book, layout_regular_city, slime_entry_1,
          lemuel_fruit_tree, grunt_megastairs_2, serial_bayou_shore_b
Swamp:1:  layout_falls_marsh, evilmike_swamp_ruin_rubble_1
Swamp:2:  layout_basic_swamp, nicolae_swamp_treefoil, swamp_pool_1_2,
          st_swamp_ruins_4
Swamp:3:  layout_basic_swamp, nicolae_swamp_orc_logging_accident,
          swamp_pool_1_2, nicolae_swamp_drake_lake, uniq_mlioglotl
Orc:1:    dreamdust_wu_jian_sword_trials, layout_diamond_mine, serial_shops,
          nicolae_shop_tiny_real_fake_doors
Orc:2:    st_orc_open, layout_caves, nicolae_shop_self_help

Skill      XL: |  1  2  3  4  5  6  7  8  9 10 11 12 13 14 15 16 |
---------------+-------------------------------------------------+-----
Armour         | 3 4 5 6 7 9 10 11 12 13 | 13.5
Long Blades    | 2 3 4 5 6 7 9 11 12 14 15 16 17 18 | 18.2
Dodging        | 1 0 |  0.0
Shields        | 3 4 5 6 7 8 9 10 12 13 | 13.4
Fighting       | 4 5 7 8 10 12 13 15 | 15.1

Action                     |  1- 3 |  4- 6 |  7- 9 | 10-12 | 13-15 | 16-18 || total
---------------------------+-------+-------+-------+-------+-------+-------++-------
  Melee: Long sword        |   128 |   250 |    39 |       |       |       ||   417
         Falchion          |       |       |   295 |    54 |    22 |   471 ||   842
         Double sword      |       |       |    27 |   338 |   899 |   210 ||  1474
         Tailslap          |       |       |       |    63 |   159 |   156 ||   378
 Invoke: Sacrifice Nimblen |       |       |     1 |       |       |       ||     1
         Sacrifice Artific |       |       |       |     1 |       |       ||     1
         Sacrifice Drink   |       |       |       |     1 |       |       ||     1
         Sacrifice Stealth |       |       |       |       |     1 |       ||     1
         Reject Sacrifices |       |       |       |       |     1 |       ||     1
    Use: Potion            |       |     3 |    10 |       |     2 |     3 ||    18
         Scroll            |       |       |    13 |     3 |     5 |     3 ||    24
   Stab: Sleeping          |       |     2 |       |       |       |       ||     2
         Invisible         |       |       |       |     6 |     5 |     7 ||    18
         Distracted        |       |       |       |     4 |     4 |     4 ||    12
         Paralysed         |       |       |       |       |     3 |       ||     3
         Confused          |       |       |       |       |       |     3 ||     3
 Armour: Scale mail        |    89 |   131 |       |       |    66 |       ||   286
         Chain mail        |       |       |   247 |   330 |   234 |       ||   811
         Skin              |       |       |    23 |       |       |       ||    23
         Plate armour      |       |       |       |       |   285 |   520 ||   805
  Dodge: Dodged            |    58 |    80 |    97 |   110 |   189 |   107 ||   641
  Block: Buckler           |    26 |   191 |   180 |   180 |   441 |   259 ||  1277

Table legend: (Time is in decaauts)
 A = Elapsed time spent in this place.
 B = Non-inter-level travel time spent in this place.
 C = Inter-level travel time spent in this place.
 D = Time resting spent in this place.
 E = Time spent auto-exploring this place.
 F = Levels seen in this place.
 G = Mean time per level.
                   A        B        C        D        E       F      G
               +--------+--------+--------+--------+--------+-----+--------+
         Total |  27284 |  26125 |   1159 |   5403 |  13913 |  30 |  909.5 |
       Dungeon |  15835 |  15081 |    754 |   2896 |   8740 |  15 | 1055.7 |
        Temple |    290 |    290 |      0 |    100 |      0 |   1 |  290.0 |
          Lair |   5340 |   5024 |    316 |    710 |   3267 |   5 | 1068.0 |
         Swamp |   2493 |   2449 |     44 |    668 |    924 |   3 |  831.0 |
  Orcish Mines |    747 |    703 |     44 |     34 |    434 |   2 |  373.5 |
         Sewer |    479 |    479 |      0 |     67 |      7 |   1 |  479.0 |
       Ossuary |    655 |    655 |      0 |    223 |    245 |   1 |  655.0 |
      Ice Cave |    680 |    680 |      0 |    534 |      0 |   1 |  680.0 |
      Gauntlet |    760 |    760 |      0 |    170 |    295 |   1 |  760.0 |
               +--------+--------+--------+--------+--------+-----+--------+

Top non-repeatable levels by time:
     D:9: 2187 daAuts
  Lair:5: 1643 daAuts
 Swamp:2: 1501 daAuts
    D:13: 1243 daAuts
    D:14: 1237 daAuts
    D:15: 1159 daAuts
     D:5: 1158 daAuts
    D:10: 1093 daAuts
  Lair:3: 1063 daAuts
     D:7: 1040 daAuts
     D:8: 949 daAuts
     D:2: 910 daAuts
    D:11: 906 daAuts
  Lair:2: 902 daAuts
     D:4: 901 daAuts
